[ AOE2 MATCH · #466769643 ]
1v1 RMFranks vs Aztecs
Player's team · WIN
Rival team · LOSS
[ REPLAY ANALYSIS · EXTRACTED FROM THE RECORDED GAME ]
Feudal
12:00
Castle
22:49
Imperial
—
| APM avg | 17.7 |
| APM peak | 50 |
| eAPM avg | 10.9 |
| Villagers / military | 46 / 13 |
Focus
⚔️ 15.5% · 🌾 84.5%
Knight ×7 · Scout Cavalry ×4 · Battering Ram ×1 · Mangonel ×1
Feudal
9:29
Castle
20:37
Imperial
—
| APM avg | 41.0 |
| APM peak | 86 |
| eAPM avg | 25.3 |
| Villagers / military | 52 / 26 |
Focus
⚔️ 12.9% · 🌾 87.1%
Militia ×8 · Spearman ×6 · Skirmisher ×4 · Eagle Scout ×2 · Archer ×2 · Mangonel ×2
Match map
Resources at game start + every placement click. Thick line = wall · dashed box = detected house wall. 🟡 gold · ⚪ stone · 🟢 berries · 🔶 boar · ⭕ relic
Your base· ✓ Closed at 22:49 · 0t walls
AA Battery's base· ✓ Closed at 20:37 · 28t walls
Elevation-shaded terrain · ⚠ = detected wall gap · hover for details
Inputs per minute
— Blind Squirrel - - AA Battery
Build order — Blind Squirrel
104 actions detected in the replay
| 0:00 | Create | Villager (Male) |
| 0:01 | Create | Villager (Male) |
| 0:01 | Create | Villager (Male) |
| 0:01 | Create | Villager (Male) |
| 0:03 | Build | House |
| 0:05 | Build | House |
| 1:41 | Create | Villager (Male) |
| 1:42 | Create | Villager (Male) |
| 1:46 | Build | Lumber Camp |
| 2:02 | Create | Villager (Male) |
| 2:30 | Create | Villager (Male) |
| 3:05 | Build | House |
| 3:07 | Research | Loom |
| 3:08 | Create | Villager (Male) ×2 |
| 4:01 | Build | Mill |
| 4:14 | Create | Villager (Male) |
| 5:10 | Create | Villager (Male) |
| 5:24 | Create | Villager (Male) |
| 5:52 | Create | Villager (Male) |
| 5:52 | Create | Villager (Male) |
| 6:23 | Create | Villager (Male) |
| 6:33 | Build | Mill |
| 6:49 | Create | Villager (Male) |
| 7:05 | Create | Villager (Male) |
| 7:39 | Create | Villager (Male) |
| 7:43 | Build | House |
| 8:26 | Create | Villager (Male) |
| 8:28 | Create | Villager (Male) |
| 8:59 | Research | Feudal Age |
| 9:05 | Build | Lumber Camp |
| 9:11 | Build | Mining Camp |
| 9:32 | Build | House |
| 9:33 | Build | House |
| 9:34 | Build | House |
| 9:36 | Build | House |
| 9:37 | Build | House |
| 9:38 | Build | House |
| 12:00 | Age | Feudal Age |
| 12:07 | Build | Mining Camp |
| 12:10 | Create | Villager (Male) ×5 |
| 12:29 | Build | Watch Tower |
| 12:40 | Build | Blacksmith |
| 12:42 | Create | Villager (Male) |
| 12:47 | Research | Double-Bit Axe |
| 13:02 | Build | House |
| 13:50 | Research | Fletching |
| 14:03 | Build | Farm |
| 14:07 | Build | Farm |
| 14:27 | Build | Farm |
| 14:44 | Create | Villager (Male) ×5 |
| 14:49 | Build | Farm |
| 15:08 | Build | Lumber Camp |
| 15:47 | Build | Farm |
| 15:51 | Build | Farm |
| 16:13 | Build | Farm |
| 16:20 | Build | Farm |
| 16:21 | Build | Farm |
| 16:26 | Create | Villager (Male) |
| 16:35 | Build | Farm |
| 16:38 | Build | Farm |
| 16:48 | Create | Villager (Male) |
| 16:58 | Build | Farm |
| 17:10 | Create | Villager (Male) |
| 17:22 | Build | Market |
| 17:44 | Build | Farm |
| 17:48 | Create | Villager (Male) |
| 17:48 | Create | Villager (Male) |
| 17:50 | Research | Wheelbarrow |
| 18:32 | Build | Farm |
| 18:33 | Build | Farm |
| 18:35 | Build | Farm |
| 19:17 | Build | Barracks |
| 19:54 | Research | Castle Age |
| 20:00 | Research | Scale Mail Armor |
| 20:09 | Research | Gold Mining |
| 20:22 | Build | Stable |
| 20:29 | Build | Stable |
| 20:40 | Build | Stable |
| 20:50 | Research | Arson |
| 21:08 | Research | Stone Mining |
| 21:13 | Create | Villager (Male) |
| 21:13 | Create | Villager (Male) |
| 21:37 | Research | Forging |
| 21:48 | Create | Villager (Male) |
| 22:49 | Age | Castle Age |
| 23:08 | Build | Siege Workshop |
| 23:12 | Research | Squires |
| 23:19 | Research | Husbandry |
| 23:23 | Create | Knight ×5 |
| 23:25 | Create | Knight ×2 |
| 23:59 | Build | Castle |
| 24:09 | Research | Gold Shaft Mining |
| 24:12 | Create | Villager (Male) |
| 24:12 | Create | Villager (Male) |
| 24:20 | Build | Town Center |
| 24:37 | Create | Battering Ram |
| 25:49 | Create | Mangonel |
| 25:55 | Research | Bodkin Arrow |
| 27:06 | Research | Hand Cart |
| 27:11 | Research | Light Cavalry (upgrade) |
| 27:12 | Create | Scout Cavalry ×4 |
| 27:24 | Create | Villager (Male) ×3 |
| 27:38 | Research | Bow Saw |
| 27:42 | Create | Villager (Male) |
Build order — AA Battery
137 actions detected in the replay
| 0:01 | Create | Villager (Male) |
| 0:02 | Create | Villager (Male) |
| 0:02 | Create | Villager (Male) |
| 0:03 | Build | House |
| 0:05 | Build | House |
| 0:33 | Create | Villager (Male) |
| 1:16 | Create | Villager (Male) |
| 1:21 | Build | House |
| 1:28 | Build | Lumber Camp |
| 2:08 | Create | Villager (Male) |
| 2:12 | Create | Villager (Male) |
| 3:01 | Create | Villager (Male) |
| 3:13 | Create | Villager (Male) |
| 3:55 | Create | Villager (Male) |
| 3:56 | Create | Villager (Male) |
| 4:42 | Create | Villager (Male) |
| 4:51 | Build | Mill |
| 4:57 | Create | Villager (Male) |
| 6:04 | Create | Villager (Male) |
| 6:47 | Create | Villager (Male) |
| 7:19 | Research | Feudal Age |
| 8:12 | Build | Barracks |
| 9:05 | Build | House |
| 9:08 | Create | Militia |
| 9:08 | Create | Militia |
| 9:19 | Create | Villager (Male) |
| 9:29 | Age | Feudal Age |
| 9:34 | Build | Mining Camp |
| 9:40 | Create | Villager (Male) |
| 9:53 | Research | Loom |
| 9:56 | Research | Man-at-Arms (upgrade) |
| 10:27 | Create | Militia |
| 10:36 | Build | Watch Tower |
| 10:49 | Create | Villager (Male) |
| 10:50 | Create | Villager (Male) |
| 10:50 | Create | Villager (Male) |
| 11:04 | Create | Villager (Male) |
| 11:14 | Build | Building 796 |
| 11:16 | Build | House |
| 11:36 | Create | Villager (Male) |
| 11:50 | Build | Archery Range |
| 12:03 | Create | Villager (Male) |
| 12:09 | Build | House |
| 12:34 | Build | Mining Camp |
| 12:36 | Create | Villager (Male) |
| 12:53 | Build | Palisade Wall |
| 13:14 | Create | Villager (Male) |
| 13:14 | Create | Villager (Male) |
| 13:26 | Build | Mill |
| 13:29 | Create | Skirmisher |
| 13:29 | Create | Skirmisher |
| 13:50 | Build | Farm |
| 13:54 | Create | Villager (Male) |
| 14:13 | Build | Blacksmith |
| 14:32 | Build | Blacksmith |
| 14:35 | Build | House |
| 14:39 | Create | Villager (Male) |
| 14:48 | Build | Farm |
| 15:11 | Build | Farm |
| 15:20 | Build | Farm |
| 15:21 | Create | Villager (Male) |
| 15:35 | Build | Farm |
| 15:39 | Build | Farm |
| 15:57 | Create | Villager (Male) |
| 16:11 | Create | Villager (Male) |
| 16:17 | Build | Farm |
| 16:21 | Build | House |
| 16:37 | Create | Villager (Male) |
| 16:54 | Build | Farm |
| 17:02 | Build | Farm |
| 17:20 | Create | Villager (Male) |
| 17:31 | Build | Farm |
| 17:49 | Build | Palisade Wall |
| 17:54 | Build | Palisade Wall |
| 17:57 | Research | Castle Age |
| 18:13 | Create | Eagle Scout |
| 18:34 | Research | Stone Mining |
| 18:37 | Research | Double-Bit Axe |
| 18:51 | Build | Farm |
| 19:03 | Research | Gold Mining |
| 19:07 | Research | Horse Collar |
| 19:11 | Create | Spearman |
| 19:18 | Create | Archer |
| 19:18 | Create | Archer |
| 19:35 | Build | House |
| 19:44 | Create | Skirmisher |
| 20:37 | Age | Castle Age |
| 20:44 | Build | Siege Workshop |
| 20:47 | Create | Villager (Male) |
| 20:47 | Create | Villager (Male) |
| 20:47 | Create | Villager (Male) |
| 20:55 | Research | Pikeman (upgrade) |
| 20:58 | Research | Long Swordsman (upgrade) |
| 20:59 | Research | Gambesons |
| 21:00 | Create | Militia |
| 21:00 | Create | Militia |
| 21:05 | Create | Skirmisher |
| 21:27 | Build | Monastery |
| 21:31 | Build | House |
| 21:33 | Create | Villager (Male) |
| 21:47 | Create | Villager (Male) |
| 21:51 | Create | Militia |
| 21:52 | Create | Militia |
| 21:52 | Create | Militia |
| 21:57 | Research | Scale Mail Armor |
| 22:00 | Create | Mangonel |
| 22:20 | Research | Bow Saw |
| 22:42 | Create | Monk |
| 22:45 | Build | House |
| 22:48 | Create | Villager (Male) |
| 22:48 | Create | Villager (Male) |
| 23:11 | Build | Market |
| 23:37 | Create | Villager (Male) |
| 23:57 | Create | Eagle Scout |
| 24:14 | Build | Castle |
| 24:23 | Build | Castle |
| 24:41 | Create | Villager (Male) |
| 24:41 | Create | Villager (Male) |
| 24:42 | Create | Villager (Male) |
| 24:46 | Build | Farm |
| 24:52 | Build | Town Center |
| 25:24 | Research | Pikeman (upgrade) |
| 25:24 | Create | Spearman |
| 25:24 | Create | Spearman |
| 25:52 | Create | Scorpion |
| 25:53 | Create | Villager (Male) |
| 25:54 | Create | Villager (Male) |
| 25:54 | Create | Villager (Male) |
| 26:23 | Create | Mangonel |
| 27:26 | Create | Villager (Male) |
| 27:26 | Create | Villager (Male) |
| 27:26 | Create | Villager (Male) |
| 27:27 | Create | Villager (Male) |
| 27:27 | Create | Villager (Male) |
| 27:46 | Create | Spearman |
| 27:46 | Create | Spearman |
| 27:47 | Create | Spearman |
Match timeline
| 8:12 | AA Battery · first_building Barracks |
| 9:29 | AA Battery · age_up feudal |
| 11:50 | AA Battery · first_building Archery Range |
| 12:00 | Blind Squirrel · age_up feudal |
| 12:53 | AA Battery · wall_segment Palisade Wall x12 |
| 17:49 | AA Battery · wall_segment Palisade Wall x7 |
| 17:54 | AA Battery · wall_segment Palisade Wall x9 |
| 19:17 | Blind Squirrel · first_building Barracks |
| 20:22 | Blind Squirrel · first_building Stable |
| 20:37 | AA Battery · age_up castle |
| 20:44 | AA Battery · first_building Siege Workshop |
| 21:27 | AA Battery · first_building Monastery |
| 22:49 | Blind Squirrel · age_up castle |
| 23:08 | Blind Squirrel · first_building Siege Workshop |
| 23:46 | Blind Squirrel · first_market_sell 100 wood |
| 23:49 | Blind Squirrel · first_market_buy 100 stone |
| 23:59 | Blind Squirrel · first_building Castle |
| 24:02 | AA Battery · first_market_sell 100 food |
| 24:03 | AA Battery · first_market_buy 100 stone |
| 24:14 | AA Battery · first_building Castle |
| 28:48 | AA Battery · resign |
[ AI ANALYSIS · 1 CREDIT ]
What really happened in this match?
Wolo.gg analyzes every decision: build order, eco, micro, common mistakes by bracket. Personalized analysis on WhatsApp or Discord in 30 seconds.
Civ guide
Franks
Map guide
Glade
Perfil
Blind Squirrel